 Dungeon Crawl Stone Soup version 0.29-a0-728-g6bb282b620 (webtiles) character file.

Game seed: 7893607771327036278

2013 Bnni the Purveyor of Pain (level 9, -1/69 HPs)
             Began as a Demonspawn Necromancer on June 28, 2022.
             Was an Initiate of Kikubaaqudgha.
             Slain by a tengu warrior
             ... wielding a +0 long sword
              (10 damage)
             ... on level 10 of the Dungeon on June 29, 2022.
             The game lasted 00:22:24 (7857 turns).

Bnni the Purveyor of Pain (Demonspawn Necromancer)  Turns: 7857, Time: 00:22:24

Health: -1/69      AC:  9    Str:  6    XL:     9   Next: 2%
Magic:  12/17      EV: 11    Int: 19    God:    Kikubaaqudgha [......]
Gold:   80         SH:  0    Dex: 14    Spells: 4/19 levels left

rFire   . . .      SeeInvis +   y - +2 whip (elec)
rCold   . . .      Faith    .   (no shield)
rNeg    + . .      Spirit   .   w - +1 leather armour "Urok" {Fly Str-4 Slay+3 SInv}
rPois   .          Reflect  .   f - +0 helmet
rElec   .          Harm     .   d - +0 cloak
rCorr   .          Rampage  .   u - +0 pair of gloves
Will    .....                   (no boots)
Stlth   ++........              (no amulet)
HPRegen 0.21/turn               i - ring of flight
MPRegen 0.15/turn               x - ring of positive energy

@: animating dead, flying, invisible
A: hooves 2, molten scales 1, powered by pain 1
a: Renounce Religion


You were on level 10 of the Dungeon.
You worshipped Kikubaaqudgha.
Kikubaaqudgha was noncommittal.
You visited 2 branches of the dungeon, and saw 10 of its levels.

You collected 339 gold pieces.
You spent 259 gold pieces at shops.

Inventory:

Hand Weapons
 y - a +2 whip of electrocution (weapon)
Missiles
 k - 30 poisoned darts
 C - 2 throwing nets
Armour
 a - a +0 robe
 d - a +0 cloak (worn)
 f - a +0 helmet (worn)
 q - the +2 ring mail of the Wasteland {rF+ Str+3}
   (You found it on level 5 of the Dungeon)

   Str:       It affects your strength (+3).
   rF:        It protects you from fire.
 u - a +0 pair of gloves (worn)
 w - the +1 leather armour "Urok" (worn) {Fly Str-4 Slay+3 SInv}
   (You found it on level 10 of the Dungeon)

   Str:       It affects your strength (-4).
   Slay:      It affects your accuracy & damage with ranged weapons and melee
   (+3).
   SInv:      It lets you see invisible.
   Fly:       It grants you flight.
Jewellery
 i - a ring of flight (left hand)
 x - a ring of positive energy (right hand)
Wands
 t - a wand of flame (15)
Scrolls
 c - 4 scrolls of teleportation
 g - a scroll of poison {unknown}
 j - 2 scrolls of noise {unknown}
 l - a scroll of summoning {unknown}
 m - a scroll of fog {unknown}
 o - a scroll of magic mapping {unknown}
 s - 2 scrolls of silence
 A - 2 scrolls of amnesia {unknown}
Potions
 b - 2 potions of magic
 e - a potion of attraction
 h - 2 potions of invisibility
 n - 2 potions of curing
 p - a potion of mutation {unknown}
 r - a potion of brilliance {unknown}
 v - a potion of lignification {unknown}
 z - a potion of cancellation {unknown}
 B - 2 potions of resistance {unknown}
 D - a potion of heal wounds {unknown}


   Skills:
 + Level 5.7 Fighting
 - Level 1.7 Dodging
 - Level 1.7 Stealth
 + Level 5.7 Spellcasting
 * Level 10.2 Necromancy


You had 4 spell levels left.
You knew the following spells:

 Your Spells              Type           Power      Damage    Failure   Level
a - Necrotize             Necr           100%       1d9       1%          1
b - Sublimation of Blood  Necr           44%        N/A       1%          2
c - Vampiric Draining     Necr           44%        2d9       1%          3
d - Animate Dead          Necr           44%        N/A       2%          4
e - Agony                 Necr           44%        N/A       8%          5

Your spell library contained the following spells:

 Spells                   Type           Power      Damage    Failure   Level
 Apportation              Tloc           10%        N/A       19%         1
 Freeze                   Ice            20%        1d4       19%         1
 Summon Small Mammal      Summ           20%        N/A       19%         1
 Ensorcelled Hibernation  Hex/Ice        10%        N/A       26%         2
 Passwall                 Tmut/Erth      4%         N/A       26%         2
 Wereblood                Tmut           5%         N/A       26%         2
 Swiftness                Air            5%         N/A       47%         3
 Summon Hydra             Summ           2%         N/A       100%        7
 Chain Lightning          Conj/Air       2%         3d3       100%        9
 Fire Storm               Conj/Fire      2%         8d1       100%        9
 Shatter                  Erth           2%         3d6*      100%        9


Dungeon Overview and Level Annotations

Branches:
Dungeon (10/15)            Temple (1/1) D:6
   Lair: D:8-11         Orc: D:9-12

Altars:
Ashenzari
Cheibriados
Dithmenos
Elyvilon
Fedhas
Gozag
Hepliaklqana
Kikubaaqudgha
Nemelex Xobeh
Okawaru
Qazlal
Ru
Sif Muna
Uskayaw
Vehumet
Xom
Yredelemnul
Zin
The Shining One

Shops:
D:6 =!


Innate Abilities, Weirdness & Mutations

You have hoof-like feet.
You are partially covered in molten scales. (AC +2)
You sometimes gain a little power by taking damage.


Message History

Casting: Vampiric Draining (safe; 1% risk of failure)
Confirm with . or Enter, or press ? or * to list all spells.
Aiming: Vampiric Draining (safe; 1% risk of failure)
Press: ? - help, Shift-Dir - straight line, f - centaur
Aim: a centaur (can't see you, ally target)
You draw life force from the centaur.
You feel life coursing into your body. The centaur barely misses you.
The centaur kicks you but does no damage.
Your orc zombie completely misses the tengu warrior.
The orc wizard barely misses your orc zombie.
The tengu warrior hits you with a +0 long sword!
* * * LOW HITPOINT WARNING * * *
The tengu warrior misses you. The tengu warrior barely misses you.
The centaur hits you.
* * * LOW HITPOINT WARNING * * *
The centaur kicks you but does no damage.
Okay, then.
The orc wizard hits your orc zombie with a +0 dagger.
Your orc zombie is destroyed!
Your orc zombie hits the battlesphere.
There is a stone staircase leading down here.
You see here a +0 mace.
The centaur closely misses you.
The centaur kicks you but does no damage.
The tengu warrior hits you with a +0 long sword!!
* * * LOW HITPOINT WARNING * * *
The tengu warrior pecks you but does no damage.
The tengu warrior claws you but does no damage.
The tengu conjurer hits you but does no damage.
The tengu conjurer barely misses you.
The tengu conjurer claws you but does no damage.
The centaur hits you but does no damage.
The centaur closely misses you.
Your orc zombie hits the battlesphere.
You fly downwards.
The battlesphere dissipates.
There is a stone staircase leading up here.
Okay, then.
You feel better.
The tengu warrior hits you with a +0 long sword!
You die...
Kikubaaqudgha rasps: "You have failed me!
Welcome... death!"

########################
........................
.......Q...#####....##..
......Q@...# #........
..######................
#............(...
.................
########+##.......
#....... ...


You could see a tengu warrior (can't see you) and a tengu conjurer.

Vanquished Creatures
  A water moccasin (D:6)
  Duvessa (D:6)
  An orc warrior (D:7)
  A black bear (D:5)
  An ogre (D:5)
  A centaur (D:6)
  A kobold brigand (D:6)
  3 necrophages
  6 scorpions
  Dowan (D:6)
  A howler monkey (D:5)
  4 jellies
  A hound (D:6)
  Crazy Yiuf (D:6)
  A gnoll shaman (D:7)
  An orc priest (D:5)
  5 orc wizards
  2 iguanas
  4 gnolls (D:7)
  7 adders
  A white imp (D:7)
  2 ufetubi
  3 worms
  3 dart slugs
  7 orcs
  4 ball pythons
  6 bats
  7 endoplasms (D:4)
  A giant cockroach (D:3)
  3 hobgoblins
  7 jackals
  5 quokkas
  4 frilled lizards
  3 goblins
  17 kobolds
  3 rats
120 creatures vanquished.

Vanquished Creatures (collateral kills)
  Menkaure (D:6)
  7 orcs
  A goblin (D:2)
9 creatures vanquished.

Vanquished Creatures (others)
  A scorpion zombie (D:6)
  An iguana zombie (D:5)
  2 orcs (D:9)
  An endoplasm zombie (D:4)
  6 kobold zombies
  4 orc zombies
  6 fungi (D:4)
  3 toadstools (D:4)
24 creatures vanquished.

Grand Total: 153 creatures vanquished

Notes
Turn   | Place    | Note
-------+----------+-------------------------------------------
     0 | D:1      | Bnni the Demonspawn Necromancer began the quest for the
                  | Orb.
     0 | D:1      | Reached XP level 1. HP: 13/13 MP: 3/3
   342 | D:1      | Gained mutation: You sometimes gain a little power by
                  | taking damage. [demonic ancestry]
   342 | D:1      | Reached XP level 2. HP: 20/20 MP: 5/5
   504 | D:1      | Found a faded altar of an unknown god.
   512 | D:1      | Got Plato's Collected Works on Ice
   718 | D:2      | Reached skill level 1 in Fighting
   753 | D:2      | Reached skill level 5 in Necromancy
   753 | D:2      | Reached XP level 3. HP: 8/26 MP: 1/6
   806 | D:2      | Learned a level 3 spell: Vampiric Draining
  1963 | D:3      | Gained mutation: You have large cloven feet. [demonic
                  | ancestry]
  1963 | D:3      | Reached XP level 4. HP: 25/32 MP: 2/7
  1968 | D:3      | Learned a level 4 spell: Animate Dead
  2260 | D:3      | Found an opulent altar of Gozag.
  2694 | D:4      | Noticed a scorpion
  2703 | D:4      | Killed a scorpion
  2704 | D:4      | Reached skill level 6 in Necromancy
  2704 | D:4      | Gained mutation: You are partially covered in molten
                  | scales. (AC +2) [demonic ancestry]
  2704 | D:4      | Reached XP level 5. HP: 38/38 MP: 4/9
  2870 | D:4      | Learned a level 2 spell: Sublimation of Blood
  3066 | D:4      | Found a shimmering blue altar of Sif Muna.
  3527 | D:4      | Reached XP level 6. HP: 13/46 MP: 6/11
  3951 | D:5      | Entered Level 5 of the Dungeon
  4100 | D:5      | Identified the +2 ring mail of the Wasteland {rF+ Str+3}
  4110 | D:5      | Reached skill level 7 in Necromancy
  4185 | D:5      | Gained mutation: You have hoof-like feet. [demonic
                  | ancestry]
  4185 | D:5      | Reached XP level 7. HP: 32/52 MP: 10/12
  4820 | D:5      | Found a shadowy altar of Dithmenos.
  5016 | D:5      | Found a sacrificial altar of Ru.
  5267 | D:5      | Reached skill level 8 in Necromancy
  5587 | D:6      | Noticed Menkaure
  5607 | D:6      | Learned a level 5 spell: Agony
  5712 | D:6      | Reached XP level 8. HP: 52/61 MP: 9/14
  6202 | D:6      | Found Okire's Jewellery Emporium.
  6206 | D:6      | Bought a ring of positive energy for 220 gold pieces
  6222 | D:6      | Reached skill level 9 in Necromancy
  6264 | D:6      | Reached skill level 5 in Spellcasting
  6369 | D:6      | Found a runed translucent door.
  6369 | D:6      | Noticed Crazy Yiuf
  6373 | D:6      | Killed Crazy Yiuf
  6469 | D:6      | Found Tocovvec's Distillery.
  6500 | D:6      | Bought a potion of curing for 39 gold pieces
  6507 | D:6      | Reached skill level 5 in Fighting
  6616 | D:6      | Found a hide-covered altar of Uskayaw.
  6617 | D:6      | Noticed Duvessa
  6617 | D:6      | Noticed Dowan
  6634 | D:6      | Killed Duvessa
  6639 | D:6      | Killed Dowan
  6875 | D:6      | Killed Menkaure
  7021 | D:6      | Found a staircase to the Ecumenical Temple.
  7027 | Temple   | Entered the Ecumenical Temple
  7195 | Temple   | Became a worshipper of Kikubaaqudgha
  7392 | D:7      | Reached skill level 10 in Necromancy
  7549 | D:7      | Reached XP level 9. HP: 50/69 MP: 10/17
  7715 | D:7      | You are sucked into a shaft and drop 3 floors!
  7715 | D:10     | Entered Level 10 of the Dungeon
  7716 | D:10     | Identified the +1 leather armour "Urok" {Fly Str-4 Slay+3
                  | SInv}
  7845 | D:9      | Noticed a tengu conjurer
  7846 | D:9      | Noticed a tengu warrior
  7855 | D:9      | HP: 1/69 [tengu warrior/+0 long sword (18)]
  7857 | D:10     | Slain by a tengu warrior

Illustrated notes

Levels and vault maps discovered:
D:1:      tarquinn_simple_flora_water_f, layout_basic,
          shapermc_ecumenical_altar_rom_forum, serial_corexii_hall,
          corexii_hall_statues_deadend, chequers_hall_statues_wall_a,
          minmay_tripent
D:2:      layout_loops_cross, kennysheep_nondescript
D:3:      kennysheep_big_flooded_room, layout_rooms, old_standard_altar,
          saegor_snake_ambush
D:4:      cheibrodos_fertilizer, layout_basic, kennysheep_mini
D:5:      layout_loops_corners, mainiacjoe_overflow_small_starburst,
          nicolae_dithmenos_through_a_glass_darkly,
          chequers_serial_rivers_small_a
D:6:      layout_basic, eat_drink_and_be_merry_uskayaw,
          mainiacjoe_overflow_24_doors, makhleb_grotto_becter,
          minmay_temple_entry_enclosed_plants, serial_shops, nicolae_shop_stone,
          nicolae_shop_behind_doors, uniq_crazy_yiuf_cottage, uniq_duvessa,
          uniq_menkaure
D:7:      layout_rooms, nzn_wu_jian_contemplation, corexii_leaking_fountain
D:9:      layout_loops_cross, uniq_pikel
D:10:     layout_stronghold, dpeg_oklobed_lair, glass_columns_a
Temple:   minmay_temple_curvy_branch

Skill      XL: |  1  2  3  4  5  6  7  8 |
---------------+-------------------------+-----
Fighting       | 1 2 3 4 5 |  5.7
Necromancy     | 5 6 7 8 10 | 10.2
Spellcasting   | 3 4 5 |  5.7
Dodging        | |  1.7
Stealth        | |  1.7

Action                   |  1- 3 |  4- 6 |  7- 9 || total
-------------------------+-------+-------+-------++-------
Melee: Short sword       |    98 |    64 |    55 ||   217
       Unarmed           |     3 |       |       ||     3
       Kick              |       |    12 |    33 ||    45
       Punch             |       |       |     3 ||     3
       Whip              |       |       |    49 ||    49
Throw: Dart              |       |     3 |     9 ||    12
       Throwing net      |       |       |     2 ||     2
 Cast: Necrotize         |    17 |    47 |    50 ||   114
       Vampiric Draining |     2 |       |    21 ||    23
       Animate Dead      |       |     4 |     7 ||    11
       Agony             |       |       |     5 ||     5
  Use: Scroll            |       |       |     5 ||     5
       Potion            |       |       |     2 ||     2
 Stab: Sleeping          |     6 |       |     2 ||     8
Armor: Robe              |    21 |    17 |    45 ||    83
       Leather armour    |       |       |    12 ||    12
Dodge: Dodged            |    68 |    32 |    96 ||   196

Table legend: (Time is in decaauts)
 A = Elapsed time spent in this place.
 B = Non-inter-level travel time spent in this place.
 C = Inter-level travel time spent in this place.
 D = Time resting spent in this place.
 E = Time spent auto-exploring this place.
 F = Levels seen in this place.
 G = Mean time per level.
                   A        B        C        D        E       F      G
               +--------+--------+--------+--------+--------+-----+--------+
         Total |   7807 |   7559 |    248 |    657 |   5762 |  10 |  780.7 |
       Dungeon |   7544 |   7323 |    221 |    657 |   5534 |   9 |  838.2 |
        Temple |    262 |    235 |     27 |      0 |    228 |   1 |  262.0 |
               +--------+--------+--------+--------+--------+-----+--------+

Top non-repeatable levels by time:
     D:5: 1735 daAuts
     D:4: 1406 daAuts
     D:6: 1369 daAuts
     D:2: 1135 daAuts
     D:3: 719 daAuts
     D:1: 648 daAuts
     D:7: 386 daAuts
  Temple: 262 daAuts
    D:10: 129 daAuts
     D:9: 13 daAuts
